 Seeded DCSS version 0.30.1-4-g462c640d31 (webtiles) character file.

Game seed: 6351066067085065685 (custom seed)

483 Esekla the Grave Robber (level 6, -4/32 HPs)
             Began as a Deep Elf Necromancer on Aug 18, 2023.
             Was a Believer of Vehumet.
             Slain by an ogre
             ... wielding a +0 giant club
              (17 damage)
             ... on level 5 of the Dungeon.
             The game lasted 00:20:16 (3805 turns).

Esekla the Grave Robber (Deep Elf Necromancer)      Turns: 3805, Time: 00:20:16

Health: -4/32      AC:  4    Str:  5    XL:     6   Next: 87%
Magic:  12/15      EV: 13    Int: 22    God:    Vehumet [**....]
Gold:   215        SH:  0    Dex: 15    Spells: 5/15 levels left

rFire   . . .        a - +2 dagger (vamp)
rCold   . . .        (no shield)
rNeg    . . .        o - +0 robe
rPois   .            i - +0 helmet
rElec   .            (no cloak)
rCorr   .            k - +0 pair of gloves
SInv    .            (no boots)
Will    .....        A - amulet of magic regeneration
Stlth   +++          (no ring)
HPRegen 0.25/turn    (no ring)
MPRegen 0.54/turn

%: no passive effects
@: no status effects
A: no striking features
a: Renounce Religion


You were on level 5 of the Dungeon.
You worshipped Vehumet.
Vehumet was pleased with you.
You visited 1 branch of the dungeon, and saw 5 of its levels.

You collected 215 gold pieces.

Inventory:

Hand Weapons
 a - a +2 vampiric dagger (weapon)
 r - a +0 trident
 s - the +5 rapier of the Hero {heavy, rN+ Dex+3}
   (You found it on level 3 of the Dungeon)

   Dex:       It affects your dexterity (+3).
   rN:        It protects you from negative energy.
Missiles
 t - 3 poisoned darts (quivered)
Armour
 i - a +0 helmet (worn)
 k - a +0 pair of gloves (worn)
 o - a +0 robe (worn)
Jewellery
 A - an amulet of magic regeneration (around neck)
Wands
 c - a wand of roots (8)
Scrolls
 e - a scroll of amnesia {unknown}
 f - 4 scrolls of identify {unknown}
 m - a scroll of enchant armour {unknown}
 n - a scroll of immolation {unknown}
 p - a scroll of blinking {unknown}
 u - 2 scrolls of fog {unknown}
 v - 3 scrolls of enchant weapon {unknown}
 w - a scroll of summoning {unknown}
 y - a scroll of silence {unknown}
 z - a scroll of magic mapping {unknown}
 C - a scroll of fear
Potions
 b - a potion of magic
 d - a potion of ambrosia {unknown}
 g - a potion of haste {unknown}
 h - a potion of mutation {unknown}
 j - 5 potions of curing {unknown}
 l - 2 potions of attraction {unknown}
 q - 2 potions of brilliance {unknown}
 x - a potion of heal wounds {unknown}
 B - a potion of lignification {unknown}


   Skills:
 + Level 2.8 Short Blades
 + Level 0.1 Throwing
 * Level 4.3 Dodging
 + Level 4.2 Stealth
 * Level 5.0 Spellcasting
 * Level 6.1 Necromancy
 * Level 2.3 Translocations


You had 5 spell levels left.
You knew the following spells:

 Your Spells              Type           Power      Damage    Failure   Level
a - Necrotise             Necr           100%       1d9       1%          1
b - Shock                 Conj/Air       20%        1d4       10%         1
c - Static Discharge      Conj/Air       10%        2-3/arc   16%         2
d - Vampiric Draining     Necr           32%        2d8       2%          3
t - Teleport Other        Tloc           15%        N/A       12%         3

Your spell library contained the following spells:

 Spells                   Type           Power      Damage    Failure   Level
 Lesser Beckoning         Tloc           30%        N/A       6%          2
 Animate Dead             Necr           32%        N/A       9%          4
 Gell's Gravitas          Tloc           15%        N/A       12%         3
 Agony                    Necr           32%        N/A       22%         5
 Spider Form              Tmut/Pois      5%         N/A       30%         3
 Cause Fear               Hex            2%         N/A       69%         4
 Summon Mana Viper        Hex/Summ       5%         N/A       95%         5


Dungeon Overview and Level Annotations

Branches:
Dungeon (5/15)
 Temple: D:4-7

Altars:
Dithmenos
Hepliaklqana
Okawaru
Qazlal
Trog
Vehumet
Zin
The Shining One

Shops:
D:2 =   D:4 (


Message History

Aim: an ogre, wielding a +0 giant club (poisoned, 73% to hit)
You throw a poisoned dart.
The poisoned dart barely misses the ogre.
Throw: 6 darts (poison)
Press: ? - help, Q - select action, (/) - cycle Shift-Dir - straight line, f/p - ogre
Aim: an ogre, wielding a +0 giant club (poisoned, 73% to hit)
You throw a poisoned dart.
The poisoned dart barely misses the ogre.
The hound barks!
Throw: 5 darts (poison)
Press: ? - help, Q - select action, (/) - cycle Shift-Dir - straight line, f/p - ogre
Aim: an ogre, wielding a +0 giant club (lightly wounded, poisoned, 73% to hit)
You throw a poisoned dart.
The poisoned dart barely misses the ogre.
Throw: 4 darts (poison)
Press: ? - help, Q - select action, (/) - cycle Shift-Dir - straight line, f/p - ogre
Aim: an ogre, wielding a +0 giant club (lightly wounded, poisoned, 73% to hit)
You throw a poisoned dart.
The poisoned dart barely misses the ogre.
You hit the ogre.
The ogre is lightly wounded.
The hound pauses to sniff the ground.
The ogre misses you.
You hit the ogre.
The ogre is moderately wounded.
You hit the ogre.
The ogre is moderately wounded.
The ogre looks more healthy.
The ogre hits you with a +0 giant club!!
Ouch! That really hurt!
* * * LOW HITPOINT WARNING * * *
Casting: Vampiric Draining (dangerous; 2% risk of failure)
Confirm with . or Enter, or press ? or * to list all spells.
Aiming: Vampiric Draining (dangerous; 2% risk of failure)
Press: ? - help, Shift-Dir - straight line, f/p - ogre
Aim: an ogre, wielding a +0 giant club (moderately wounded)
You draw life force from the ogre!
You feel life coursing into your body. The ogre hits you with a +0 giant club!
Ouch! That really hurt!
You die...

##################
.................#
.###############@#
..# #######O# #.###
#......h..#
#...######.........#
#..........#####.#.#
#.#.######.# #.#.#
..#...# #.# #.#.#
#####.####.# #(# #
..#......#.# #.h


You could see an ogre and a hound.

Vanquished Creatures
  A black bear (D:2)
  3 hounds
  3 iguanas
  10 gnolls
  7 adders
  A worm (D:4)
  2 dart slugs
  6 orcs
  6 ball pythons
  4 endoplasms
  8 goblins
  5 hobgoblins
  A quokka (D:1)
  4 bats
  4 frilled lizards
  5 kobolds
  A rat (D:2)
71 creatures vanquished.

Notes
Turn   | Place    | Note
-------+----------+-------------------------------------------
     0 | D:1      | Esekla the Deep Elf Necromancer began the quest for the
                  | Orb.
     0 | D:1      | Reached XP level 1. HP: 10/10 MP: 6/6
   368 | D:2      | Found Renulab's Jewellery Shop.
   564 | D:4      | Found a glowing silver altar of Zin.
   576 | D:4      | Found an iron altar of Okawaru.
   588 | D:4      | Found a radiant altar of Vehumet.
   592 | D:4      | Became a worshipper of Vehumet
   637 | D:4      | Reached skill level 5 in Necromancy
   812 | D:3      | Reached XP level 2. HP: 15/15 MP: 8/8
  1216 | D:3      | Identified the +5 rapier of the Hero {heavy, rN+ Dex+3}
  1326 | D:2      | Reached XP level 3. HP: 19/19 MP: 9/9
  1331 | D:2      | Learned a level 3 spell: Vampiric Draining
  1486 | D:1      | Reached * piety under Vehumet
  1486 | D:1      | Offered knowledge of Shock by Vehumet.
  1493 | D:1      | Learned a level 1 spell: Shock
  1497 | D:1      | Learned a level 3 spell: Teleport Other
  1845 | D:3      | Reached skill level 1 in Short Blades
  1845 | D:3      | Reached XP level 4. HP: 24/24 MP: 9/11
  1967 | D:2      | Found a faded altar of an unknown god.
  2000 | D:2      | Noticed a black bear
  2009 | D:2      | Killed a black bear
  2010 | D:2      | Reached skill level 1 in Translocations
  2010 | D:2      | Reached XP level 5. HP: 27/28 MP: 5/12
  2620 | D:3      | Found a stormy altar of Qazlal.
  2647 | D:3      | Found a bloodstained altar of Trog.
  2649 | D:3      | Found a hazy altar of Hepliaklqana.
  2773 | D:4      | Found Ponaysk's Antique Weapon Boutique.
  2935 | D:4      | Found a glowing golden altar of the Shining One.
  2948 | D:4      | Reached XP level 6. HP: 24/32 MP: 7/14
  3036 | D:4      | Reached ** piety under Vehumet
  3036 | D:4      | Offered knowledge of Static Discharge by Vehumet.
  3043 | D:4      | Learned a level 2 spell: Static Discharge
  3429 | D:5      | Entered Level 5 of the Dungeon
  3437 | D:5      | Got the Parchment of the Lumpy Olives
  3446 | D:5      | Found a shadowy altar of Dithmenos.
  3751 | D:5      | Reached skill level 6 in Necromancy
  3760 | D:5      | Reached skill level 5 in Spellcasting
  3805 | D:5      | Slain by an ogre

Illustrated notes

Levels and vault maps discovered:
D:1:      sevenhm_arrival_forest_fort_small_3, layout_rooms,
          chequers_serial_rivers_room_b, minmay_misc_feat_five
D:2:      layout_loops_ring, dreamdust_ecumenical_altar_angels_and_demons,
          serial_shops, shop
D:3:      layout_basic, grunt_temple_overflow_open, minmay_misc_feat_iff
D:4:      layout_basic, nicolae_overflow_quartered_altars, serial_shops,
          nicolae_diamond_shop
D:5:      layout_loops_ring, lemuel_doored_altar, minmay_misc_feat_rows,
          dreamdust_wishing_well

Skill      XL: |  1  2  3  4  5  6 |
---------------+-------------------+-----
Necromancy     | 5 6 |  6.1
Stealth        | 3 4 |  4.2
Dodging        | 3 4 |  4.3
Short Blades   | 1 2 |  2.8
Translocations | 1 2 |  2.3
Spellcasting   | 4 5 |  5.0
Throwing       | |  0.1

Action                     |  1- 3 |  4- 6 || total
---------------------------+-------+-------++-------
  Melee: Short sword       |    63 |       ||    63
         Unarmed           |     9 |       ||     9
         Punch             |     1 |       ||     1
         Rapier            |    43 |    30 ||    73
         Dagger            |       |    62 ||    62
  Throw: Dart              |       |    11 ||    11
   Cast: Vampiric Draining |       |    25 ||    25
    Use: Scroll            |     1 |       ||     1
   Stab: Sleeping          |     2 |     8 ||    10
 Armour: Robe              |    40 |    13 ||    53
  Dodge: Dodged            |    94 |    59 ||   153
